 Dungeon Crawl Stone Soup version 0.31.0-9-g3a7656b989 (webtiles) character file.

Game seed: 17035955574076545126

370 qw the Ducker (level 6, -7/30 (32) HPs)
             Began as a Spriggan Hunter on Feb 2, 2024.
             Mangled by a wight
             ... wielding a +4 battleaxe
              (12 damage)
             ... on level 4 of the Dungeon.
             The game lasted 00:00:08 (2765 turns).

qw the Ducker (Spriggan Hunter)                     Turns: 2765, Time: 00:00:09

HP:   -7/30 (32)    AC:  2    Str:  7    XL:     6   Next: 42%
MP:   7/7           EV: 23    Int: 10    God:
Gold: 235           SH:  0    Dex: 21    Spells: 5/5 levels left

rFire   . . .        a - +0 shortbow
rCold   . . .        (shield currently unavailable)
rNeg    . . .        c - +0 robe
rPois   .            (helmet restricted)
rElec   .            (no cloak)
rCorr   .            (gloves unavailable)
SInv    +            (boots unavailable)
Will    +....        (no amulet)
Stlth   ++           (no ring)
HPRegen 0.25/turn    (no ring)
MPRegen 0.10/turn

%: no passive effects
@: about to teleport, drained, very quick
A: very small, no large weapons, unfitting armour, see invisible, speed 3
a: no special abilities


You were on level 4 of the Dungeon.
You visited 1 branch of the dungeon, and saw 4 of its levels.

You collected 235 gold pieces.


Innate Abilities, Weirdness & Mutations

You are very small and have problems with some larger weapons.
You are too small for most types of armour.
You have supernaturally acute eyesight. (SInv)
You cover ground extremely quickly. (Speed+++)


   Skills:
 - Level 2.7 Fighting
 + Level 5.0 Ranged Weapons
 - Level 7.3 Dodging
 - Level 1.5 Stealth


You had 5 spell levels left.
You didn't know any spells.
Your spell library was empty.

Inventory:

Hand Weapons
 a - a +0 shortbow (weapon)
Armour
 c - a +0 robe (worn)
 g - a +0 cloak
Wands
 e - a wand of paralysis (10)
Scrolls
 d - a scroll of teleportation
Potions
 b - a potion of attraction {unknown}
 f - 2 potions of enlightenment
 h - 5 potions of curing

Dungeon Overview and Level Annotations

Branches:
Dungeon (4/15)
 Temple: D:4-7

Altars:


Message History

The ogre is almost dead.
The ogre completely misses you.
You shoot an arrow. The arrow hits the ogre!
You kill the ogre!
Your Fighting skill increases to level 2!
You start resting.
HP restored.
Found a stone staircase leading down.
g - a +0 cloak
There is a stone staircase leading down here.
You now have 223 gold pieces (gained 17).
Found a stone staircase leading up.
Enter note:
Found a buckler.
Found a dagger.
You now have 235 gold pieces (gained 12).
A wight comes into view. It is wielding a +4 battleaxe.
You shoot an arrow. The arrow hits the wight.
The wight is moderately damaged.
You shoot an arrow. The arrow hits the wight.
The wight is heavily damaged.
You shoot an arrow. The arrow barely misses the wight.
You shoot an arrow. The arrow hits the wight.
The wight is heavily damaged.
You shoot an arrow. The arrow barely misses the wight.
You shoot an arrow.
The arrow hits the wight but does no damage.
The wight is heavily damaged.
The wight completely misses you. x2
You shoot an arrow. The arrow closely misses the wight.
The wight misses you.
You shoot an arrow. The arrow barely misses the wight.
The wight hits you with a +4 battleaxe!!
Ouch! That really hurt!
You feel drained.
2765 ||| READING 2 scrolls of teleportation.
As you read the scroll of teleportation, it crumbles to dust.
You feel strangely unstable. The wight hits you with a +4 battleaxe!
You die...

####### ##.......
##........
#####.........
########.............
#......@.##..........
#.##..z..............
#..#######........
..... #...........
#.... #...........
#...# ######..######
.... #......<## ...
#...#....####
####..##....###


You could see a wight.

Vanquished Creatures
  Grinder (D:3)
  An ogre (D:4)
  An adder (D:2)
  A white imp (D:4)
  2 dart slugs (D:1)
  2 ribbon worms
  5 orcs
  5 endoplasms
  4 giant cockroaches
  5 goblins
  2 hobgoblins
  A jackal (D:1)
  3 kobolds
  2 quokkas
  5 ball pythons
  8 bats
  3 frilled lizards
  8 rats
59 creatures vanquished.

Notes
Turn   | Place    | Note
-------+----------+-------------------------------------------
     0 | D:1      | qw the Spriggan Hunter began the quest for the Orb.
     0 | D:1      | Reached XP level 1. HP: 10/10 MP: 2/2
     0 | D:1      | 0 ||| qw: Version: 0.3-a-155-g5e7d8dd
     0 | D:1      | 0 ||| qw: Game counter: 363
     0 | D:1      | 0 ||| qw: Melee chars always use a shield: true
     0 | D:1      | 0 ||| qw: God list: Okawaru
     0 | D:1      | 0 ||| qw: Allow faded altars: false
     0 | D:1      | 0 ||| qw: Do Orc after clearing Dungeon:15 true
     0 | D:1      | 0 ||| qw: Do second Lair branch before Depths: true
     0 | D:1      | 0 ||| qw: Lair rune preference: random
     0 | D:1      | 0 ||| qw: Goals: Normal
     0 | D:1      | 0 ||| PLANNING D:1-11
    36 | D:1      | Reached skill level 3 in Dodging
    84 | D:1      | Reached XP level 2. HP: 14/14 MP: 3/3
   143 | D:1      | Reached skill level 4 in Dodging
   304 | D:1      | Found a faded altar of an unknown god.
   390 | D:1      | Reached XP level 3. HP: 18/18 MP: 4/4
   701 | D:1      | 701 ||| READING 2 scrolls labelled LAIJIC VEANEPSI.
   705 | D:1      | 705 ||| READING scroll labelled HAMMUT TARESHE.
   806 | D:1      | 806 ||| READING 2 scrolls labelled PARUSCH DICIRER.
   806 | D:1      | 806 ||| IDENTIFYING fuming dark potion
   807 | D:1      | 807 ||| READING scroll of identify.
   807 | D:1      | 807 ||| IDENTIFYING scroll labelled UNEYSHOFAR
   808 | D:1      | 808 ||| READING scroll labelled JINAUR UHELON.
   809 | D:1      | 809 ||| READING scroll labelled JUMAUP JEACHE.
   810 | D:1      | 810 ||| DROPPING scroll of butterflies.
   811 | D:1      | 811 ||| DROPPING scroll of amnesia.
  1740 | D:2      | 1740 ||| READING 2 scrolls of identify.
  1740 | D:2      | 1740 ||| IDENTIFYING ruby potion
  1741 | D:2      | 1741 ||| READING scroll of identify.
  1741 | D:2      | 1741 ||| IDENTIFYING scroll labelled VOBLO DINUFUMM
  1742 | D:2      | 1742 ||| DROPPING scroll of poison.
  1996 | D:3      | Reached XP level 4. HP: 22/22 MP: 5/5
  2235 | D:3      | Noticed Grinder
  2236 | D:3      | 2236 ||| ZAPPING wand of paralysis (12) at 1,-6 (Grinder;
                  | floor).
  2237 | D:3      | 2237 ||| ZAPPING wand of paralysis (11) at 1,-5 (Grinder;
                  | floor).
  2246 | D:3      | Killed Grinder
  2247 | D:3      | Reached skill level 7 in Dodging
  2247 | D:3      | Reached XP level 5. HP: 25/25 MP: 6/6
  2335 | D:3      | Reached XP level 6. HP: 30/30 MP: 7/7
  2764 | D:4      | HP: 5/30 [wight/+4 battleaxe (7)]
  2765 | D:4      | 2765 ||| READING 2 scrolls of teleportation.
  2765 | D:4      | Mangled by a wight

Levels and vault maps discovered:
D:1:      lightli_arrival_lavapool, layout_loops_ring, serial_forest,
          infiniplex_forest_fountain, infiniplex_forest_lined_room_,
          infiniplex_forest_end_double, infiniplex_forest_side_room,
          infiniplex_forest_corner_2, infiniplex_forest_corner_1,
          infiniplex_forest_zigzag_2, ebering_ecumenical_altar_webs,
          st_stairs_12
D:2:      layout_basic, kennysheep_donut
D:3:      layout_basic, uniq_grinder
D:4:      layout_rooms, kennysheep_cluttered_room, nicolae_shop_fire_sale
          [nicolae_sub_dead_trees], hangedman_abyss_or_decor_stagger,
          minivault_23

Skill      XL: |  1  2  3  4  5  6 |
---------------+-------------------+-----
Dodging        | 3 4 7 |  7.3
Ranged Weapons | 5 |  5.0
Fighting       | 2 |  2.7
Stealth        | |  1.5

Action                     |  1- 3 |  4- 6 || total
---------------------------+-------+-------++-------
   Fire: Shortbow          |   110 |    54 ||   164
  Evoke: Wand              |       |     2 ||     2
    Use: Scroll            |     8 |     1 ||     9
 Armour: Robe              |     6 |     3 ||     9
  Dodge: Dodged            |    19 |    11 ||    30

Table legend:
 A = Non-vault XP
 B = Vault XP
 C = Vault XP percentage of total XP
 D = Non-vault monster count
 E = Vault monster count
 F = Vault count percentage of total count
                 A         B        C        D         E       F
            +---------+---------+-------+---------+---------+-------
      Total |     247 |     282 |  53.3 |      57 |       2 |   3.4
            +---------+---------+-------+---------+---------+-------
        D:1 |      46 |       1 |   2.1 |      25 |       1 |   3.8
        D:2 |      39 |       0 |   0.0 |      17 |       0 |   0.0
        D:3 |      19 |     281 |  93.7 |       9 |       1 |  10.0
        D:4 |     143 |       0 |   0.0 |       6 |       0 |   0.0
            +---------+---------+-------+---------+---------+-------
